 Dungeon Crawl Stone Soup version 0.27-a0-676-gc1da3516c2 (webtiles) character file.

Game seed: 8202507383171189179

65 Dreamer the Shield-Bearer (level 4, -2/37 HPs)
             Began as a Formicid Fighter on Mar 18, 2021.
             Slain by an ogre
             ... wielding a +0 giant spiked club
              (9 damage)
             ... on level 2 of the Dungeon.
             The game lasted 00:03:02 (1304 turns).

Dreamer the Shield-Bearer (Formicid Fighter)        Turns: 1304, Time: 00:03:02

Health: -2/37      AC:  7    Str: 21    XL:     4   Next: 34%
Magic:  4/4        EV:  9    Int:  8    God:
Gold:   75         SH: 10    Dex: 16    Spells: 3/3 levels left

rFire    . . .     SeeInvis +   a - +0 flail
rCold    . . .     Faith    .   c - +0 kite shield
rNeg     . . .     Spirit   .   m - +2 ring mail {rPois}
rPois    +         Reflect  .   (helmet unavailable)
rElec    .         Harm     .   i - scarf {repulsion}
rCorr    .         Rampage  .   (no gloves)
Will     .....                  (no boots)
Stlth    +.........             (no amulet)
HPRegen  0.12/turn              j - +6 ring of dexterity
MPRegen  0.09/turn              (no ring)

@: repel missiles
A: permanent stasis, dig shafts and tunnels, antennae 3, four strong arms
a: Dig, Shaft Self


You were on level 2 of the Dungeon.
You visited 1 branch of the dungeon, and saw 2 of its levels.

You collected 75 gold pieces.

Inventory:

Hand Weapons
 a - a +0 flail (weapon)
Armour
 b - a +0 scale mail
 c - a +0 kite shield (worn)
 i - a scarf of repulsion (worn)
 m - a +2 ring mail of poison resistance (worn)
Jewellery
 j - a +6 ring of dexterity (right hand)
 l - a +6 ring of dexterity
Scrolls
 f - a scroll of amnesia {unknown}
 h - a scroll of teleportation {unknown}
 k - a scroll of identify {unknown}
Potions
 d - a potion of might
 e - a potion of brilliance {unknown}
 g - a potion of heal wounds {unknown}
 n - a potion of ambrosia {unknown}


   Skills:
 + Level 3.9 Fighting
 + Level 2.7 Maces & Flails
 + Level 3.9 Armour
 + Level 4.2 Shields


You had 3 spell levels left.
You didn't know any spells.
Your spell library was empty.

Dungeon Overview and Level Annotations

Branches:
Dungeon (2/15)

Altars:


Innate Abilities, Weirdness & Mutations

You cannot be hasted, slowed, berserked, paralysed or teleported.
You can dig through walls and to a lower floor.
You have a pair of large antennae on your head. (SInv)
Your four strong arms can wield two-handed weapons with a shield.


Message History

The kobold is severely wounded.
The kobold barely misses you.
You sock the kobold!
You kill the kobold!
You feel sick.
Things that are here:
a +0 dagger; a kobold corpse; an adder corpse You start resting.
You feel sick. x4
You are no longer poisoned.
You start resting.
HP restored.
An ogre comes into view. It is wielding a +0 giant spiked club.
The ogre shouts!
There is an open door here.
Things that are here:
a +0 club; a +0 leather armour You close the door.
A kobold comes into view. It is wielding a +0 dagger.
The kobold shouts!
The kobold hits you with a +0 dagger.
Your ring mail prevents you from hitting the kobold.
You block the kobold's attack.
You hit the kobold.
The kobold is severely wounded.
You block the kobold's attack. The kobold hits you with a +0 dagger.
You barely miss the kobold.
The kobold is severely wounded.
The kobold hits you but does no damage.
You hit the kobold.
You kill the kobold!
The ogre hits you with a +0 giant spiked club!!
Ouch! That really hurt!
* * * LOW HITPOINT WARNING * * *
You completely miss the ogre. The ogre barely misses you.
You thump the ogre!
The ogre is heavily wounded.
You block the ogre's attack.
The ogre hits you with a +0 giant spiked club!
You die...

.########........#..#
.......##.###....##.##
#......# #.........
#......# #....###.#
#......# #....# #.#
###.##.###....# #.#
#.............# #..
#.O...........# ##.
#.@.......##### #.
#.).......# ##
#.........# #
#.........# #
#.........# #
########## # { #


You could see an ogre.

Vanquished Creatures
  Terence (D:2)
  2 adders (D:2)
  A leopard gecko (D:1)
  An orc (D:2)
  2 ball pythons (D:1)
  4 bats
  A giant cockroach (D:2)
  A goblin (D:2)
  3 hobgoblins
  2 kobolds (D:2)
  2 frilled lizards
  2 rats
22 creatures vanquished.

Notes
Turn   | Place    | Note
-------+----------+-------------------------------------------
     0 | D:1      | Dreamer the Formicid Fighter began the quest for the Orb.
     0 | D:1      | Reached XP level 1. HP: 18/18 MP: 1/1
   354 | D:1      | Reached XP level 2. HP: 23/24 MP: 2/2
   838 | D:2      | Noticed Terence
   859 | D:2      | Killed Terence
   860 | D:2      | Reached skill level 4 in Shields
   860 | D:2      | Reached XP level 3. HP: 20/30 MP: 3/3
  1064 | D:2      | Reached XP level 4. HP: 21/37 MP: 4/4
  1277 | D:2      | Noticed an ogre
  1304 | D:2      | Slain by an ogre

Illustrated notes

Levels and vault maps discovered:
D:1:      minmay_arrival_five_plusses, layout_basic, moated_statue, st_stairs_14
D:2:      layout_basic, grunt_ministairs_8, uniq_terence

Skill      XL: |  1  2 |
---------------+-------+-----
Shields        | 4 |  4.2
Fighting       | |  3.9
Maces & Flails | |  2.7
Armour         | |  3.9

Action                   |  1- 3 |  4- 6 || total
-------------------------+-------+-------++-------
Melee: Flail             |    74 |    13 ||    87
Armor: Scale mail        |    21 |       ||    21
       Ring mail         |    13 |     4 ||    17
Dodge: Dodged            |    28 |     4 ||    32
Block: Kite shield       |    61 |     4 ||    65

Table legend: (Time is in decaauts)
 A = Elapsed time spent in this place.
 B = Non-inter-level travel time spent in this place.
 C = Inter-level travel time spent in this place.
 D = Time resting spent in this place.
 E = Time spent auto-exploring this place.
 F = Levels seen in this place.
 G = Mean time per level.
                   A        B        C        D        E       F      G
               +--------+--------+--------+--------+--------+-----+--------+
         Total |   1342 |   1307 |     35 |    198 |    831 |   2 |  671.0 |
       Dungeon |   1342 |   1307 |     35 |    198 |    831 |   2 |  671.0 |
               +--------+--------+--------+--------+--------+-----+--------+

Top non-repeatable levels by time:
     D:1: 823 daAuts
     D:2: 519 daAuts
